 Dungeon Crawl Stone Soup version 0.30-a0-571-gdf30a72648 (webtiles) character file.

Game seed: 15830908733305056357

7944 Shayle the Covert (level 11, -2/69 HPs)
             Began as a Tengu Reaver on Dec 29, 2022.
             Was an Initiate of Kikubaaqudgha.
             Slain by a hornet (10 damage)
             ... while paralysed by a hornet
             ... on level 11 of the Dungeon.
             The game lasted 00:41:51 (11007 turns).

Shayle the Covert (Tengu Reaver)                   Turns: 11007, Time: 00:41:52

Health: -2/69      AC:  4    Str: 16    XL:     11   Next: 23%
Magic:  20/20      EV:  2    Int: 23    God:    Kikubaaqudgha [......]
Gold:   791        SH:  0    Dex: 13    Spells: 3/21 levels left

rFire   + + +      SeeInvis .    m - +4 morningstar (spect)
rCold   + . .      Faith    .    Q - +0 buckler
rNeg    . . .      Spirit   .    b - +0 leather armour
rPois   +          Reflect  .    (helmet restricted)
rElec   .          Harm     .    (no cloak)
rCorr   .          Rampage  .    r - +0 pair of gloves of Imperfection {+Blink rPois rF+ Int+2}
Will    +....                    (boots unavailable)
Stlth   ++++                     J - amulet "Nuthro Lustra" {RegenMP rF++ Will+ Str+4}
HPRegen 0.31/turn                Z - +5 ring of evasion
MPRegen 0.57/turn                B - ring "Wirearett" {rC+ Int+3}

@: paralysed, flying quickly and evasively, quick
A: beak, talons 3, nimble flight
a: Renounce Religion, Evoke Blink


You were on level 11 of the Dungeon.
You worshipped Kikubaaqudgha.
Kikubaaqudgha was noncommittal.
You visited 2 branches of the dungeon, and saw 12 of its levels.
You also visited: Trove and Ossuary.

You collected 949 gold pieces.
You spent 158 gold pieces at shops.

Inventory:

Hand Weapons
 m - a +4 spectral morningstar (weapon)
 S - a +3 scimitar
 T - a +1 scythe of venom
 U - a +0 vampiric trident
Missiles
 d - 6 boomerangs (quivered)
 D - 8 curare-tipped darts
 V - a throwing net
Armour
 b - a +0 leather armour (worn)
 g - the +2 cloak "Menace" {rF+ rN++ Int+2 Dex-3}
   (You found it in a treasure trove)

   Int:       It affects your intelligence (+2).
   Dex:       It affects your dexterity (-3).
   rF:        It protects you from fire.
   rN:        It greatly protects you from negative energy.
 j - a +3 scale mail of cold resistance
 r - the +0 pair of gloves of Imperfection (worn) {+Blink rPois rF+ Int+2}
   (You found it in a treasure trove)

   Int:       It affects your intelligence (+2).
   rF:        It protects you from fire.
   rPois:     It protects you from poison.
   +Blink:    It lets you blink.
 t - a +2 pair of gloves
 Q - a +0 buckler (worn)
 W - an orb of guile
 X - a +2 robe of positive energy
Magical Staves
 Y - a staff of death
Jewellery
 e - a ring of poison resistance
 k - an amulet of regeneration
 B - the ring "Wirearett" (right hand) {rC+ Int+3}
   (You found it in an ossuary)

   [ring of protection from cold]

   Int:       It affects your intelligence (+3).
   rC:        It protects you from cold.
 G - an amulet of reflection
 J - the amulet "Nuthro Lustra" (around neck) {RegenMP rF++ Will+ Str+4}
   (You found it in a treasure trove)

   [amulet of magic regeneration]

   It increases your rate of magic regeneration.
   Str:       It affects your strength (+4).
   rF:        It greatly protects you from fire.
   Will:      It increases your willpower.
 N - an amulet of the acrobat
 Z - a +5 ring of evasion (left hand)
Wands
 a - a wand of roots (10)
 u - a wand of polymorph (17)
 I - a wand of paralysis (11)
Scrolls
 h - a scroll of vulnerability
 o - 2 scrolls of poison
 p - a scroll of enchant armour
 w - 2 scrolls of teleportation
 y - 2 scrolls of immolation
 z - a scroll of enchant weapon
 E - 2 scrolls of brand weapon
 F - 2 scrolls of fog
 R - 2 scrolls of magic mapping
Potions
 c - 5 potions of ambrosia
 f - 6 potions of haste {unknown}
 i - a potion of brilliance {unknown}
 l - a potion of attraction {unknown}
 n - 3 potions of lignification
 q - 3 potions of mutation
 x - 8 potions of curing
 A - 3 potions of magic
 C - 3 potions of might {unknown}
 H - a potion of resistance {unknown}
 K - a potion of cancellation {unknown}
 P - a potion of invisibility {unknown}


   Skills:
 + Level 8.7 Fighting
 - Level 7.1 Polearms
 - Level 2.1 Dodging
 - Level 9.0 Stealth
 + Level 0.0 Shields
 + Level 5.9 Spellcasting
 - Level 4.0 Conjurations
 + Level 5.4 Necromancy
 - Level 4.9 Ice Magic
 + Level 3.6 Earth Magic


You had 3 spell levels left.
You knew the following spells:

 Your Spells              Type           Power      Damage    Failure   Level
a - Kiss of Death         Conj/Necr      100%       2d13      1%          1
b - Hailstorm             Conj/Ice       27%        3d7       7%          3
c - Frozen Ramparts       Ice            58%        1d9       6%          3
d - Blink                 Tloc           12%        N/A       22%         2
e - Dispel Undead         Necr           31%        3d14      16%         4
f - Borgnjor's Vile Clut  Necr/Erth      13%        N/A       52%         5

Your spell library contained the following spells:

 Spells                   Type           Power      Damage    Failure   Level
 Necrotise                Necr           100%       1d9       1%          1
 Magic Dart               Conj           100%       1d8       2%          1
 Sublimation of Blood     Necr           31%        N/A       2%          2
 Vampiric Draining        Necr           31%        2d8       4%          3
 Momentum Strike          Conj/Tloc      32%        3d8       10%         2
 Cigotuvi's Dreadful Rot  Necr/Pois/Air  30%        N/A       11%         2
 Call Imp                 Summ           6%         N/A       22%         2
 Mephitic Cloud           Conj/Pois/Air  13%        N/A       24%         3
 Lesser Beckoning         Tloc           12%        N/A       41%         3
 Agony                    Necr           31%        N/A       38%         5
 Anguish                  Hex/Necr       9%         N/A       43%         4
 Ice Form                 Ice/Tmut       18%        N/A       45%         4
 Summon Ice Beast         Ice/Summ       18%        N/A       45%         4
 Iskenderun's Battlesphe  Conj           25%        2d8       58%         5
 Airstrike                Air            3%         2d(1-17)  82%         4
 Summon Lightning Spire   Summ/Air       6%         N/A       82%         4
 Fireball                 Conj/Fire      8%         3d6       86%         5
 Lightning Bolt           Conj/Air       8%         1d20      86%         5
 Simulacrum               Ice/Necr       15%        N/A       95%         6
 Conjure Ball Lightning   Conj/Air       8%         3x3d6     100%        6
 Orb of Destruction       Conj           12%        9d7       100%        7


Dungeon Overview and Level Annotations

Branches:
Dungeon (11/15)            Temple (1/1) D:4            Lair (0/5) D:11
    Orc (0/2) D:9         Ossuary (visited)

Altars:
Ashenzari
Cheibriados
Dithmenos
Elyvilon
Fedhas
Gozag
Hepliaklqana
Kikubaaqudgha
Makhleb
Nemelex Xobeh
Okawaru
Qazlal
Ru
Sif Muna
Trog
Uskayaw
Vehumet
Wu Jian
Xom
Yredelemnul
Zin
The Shining One
Lugonu

Shops:
D:7 =   D:8 *=

Portals:
Abyss: D:7

Annotations:
D:8 2 transporters, GiantSquids's ghost, novice TeHu
D:10 exclusions: ice statue and obsidian statue


Innate Abilities, Weirdness & Mutations

You have a beak for a mouth.
You have claws for feet.
Your magical nature lets you fly swiftly and evasively.


Message History

The hail pelts the plant!
The plant begins to die.
The plant is lightly damaged.
You miss the hornet. Your kick misses the hornet.
The hornet is moderately wounded.
The hornet stings you.
You are poisoned.
You feel yourself slow down. The hornet barely misses you.
You barely miss the hornet. You claw the hornet.
The hornet is heavily wounded.
You feel yourself speed up.
You feel very sick.
A nearby plant withers and dies. x3; A nearby fungus withers and dies. x2
A nearby plant withers and dies.
A nearby fungus withers and dies.
A nearby plant withers and dies. x3; The hornet stings you.
The hornet misses you. The hornet barely misses you. The hornet stings you!
You closely miss the hornet. You claw the hornet, but do no damage.
Your peck misses the hornet.
The hornet is heavily wounded.
You feel sick. The hornet misses you.
The hornet stings you but does no damage.
You barely miss the hornet.
The hornet is heavily wounded.
You feel sick. The hornet completely misses you. You block the hornet's attack.
You miss the hornet. Your peck misses the hornet.
The hornet is heavily wounded.
You feel sick. The hornet closely misses you. You block the hornet's attack.
The hornet stings you.
You hit the hornet but do no damage. You claw the hornet!
Your peck misses the hornet.
The hornet is severely wounded.
You feel sick.
You are no longer poisoned.
The hornet stings you!
You suddenly lose the ability to move!
The hornet stings you. The hornet stings you!
* * * LOW HITPOINT WARNING * * *
The hornet stings you but does no damage.
The hornet stings you!
You die...
Kikubaaqudgha rasps: "You have failed me!
Welcome... death!"

+.....(....#<....##.#
##.####.##.#.#.#..).
#..##....P...####
.....#P..P..P.....
#.#.###.P.........#
#........††........
#.#...........P..P.
###....yP...PP...## .##
.......P@P..PP..... ..
##.....PP....PPP..## ..
...............P.P. .
##P.P.......P.P..P# .
...PP....>P......#######
.P....PPP..P.PPP......<.
...PP.PP.P..PPP.P.######
...PPP..P.........# #
PPP........y..# #


You could see a hornet.

Vanquished Creatures
  A two-headed ogre (D:10)
  A komodo dragon (D:10)
  2 trolls
  Grinder (D:3)
  Sigmund (D:5)
  A yak (D:11)
  A wraith (D:10)
  2 steam dragons (D:8)
  6 water moccasins
  4 orc warriors
  3 sky beasts
  An ice beast (D:6)
  A black bear (D:11)
  3 ogres
  2 centaurs
  2 phantoms (D:6)
  11 kobold brigands
  2 elf zombies (Ossuary)
  3 bullfrogs
  2 gnoll sergeants (D:9)
  2 scorpions (D:6)
  17 wights
  9 killer bees
  2 hounds
  2 jellies
  A human zombie (Ossuary)
  3 orc priests
  3 gnoll boudas
  6 iguanas
  7 orc wizards
  2 mummies (Ossuary)
  21 gnolls
  10 adders
  A shadow imp (D:7)
  An ufetubus (D:6)
  3 worms
  3 dart slugs
  19 orcs
  17 ball pythons
  2 endoplasms
  3 giant cockroaches
  5 goblins
  5 hobgoblins
  A jackal (D:2)
  6 quokkas
  3 bats (D:3)
  9 frilled lizards
  A goblin zombie (Ossuary)
  12 hobgoblin zombies (Ossuary)
  A jackal zombie (Ossuary)
  32 kobolds
  10 kobold zombies (Ossuary)
  6 orc zombies (Ossuary)
  4 rats
  3 rat zombies (Ossuary)
282 creatures vanquished.

Vanquished Creatures (others)
  25 fungi (D:11)
  34 plants
59 creatures vanquished.

Grand Total: 341 creatures vanquished

Notes
Turn   | Place    | Note
-------+----------+-------------------------------------------
     0 | D:1      | Shayle the Tengu Reaver began the quest for the Orb.
     0 | D:1      | Reached XP level 1. HP: 12/12 MP: 4/4
   112 | D:1      | Reached skill level 1 in Stealth
   189 | D:1      | Reached XP level 2. HP: 17/17 MP: 6/6
   276 | D:1      | Reached skill level 2 in Stealth
   276 | D:1      | Reached XP level 3. HP: 13/22 MP: 7/7
   458 | D:2      | Reached skill level 3 in Stealth
   519 | D:2      | Reached XP level 4. HP: 27/27 MP: 8/8
   772 | D:2      | Found a sparkling altar of Nemelex Xobeh.
  1839 | D:3      | Reached skill level 4 in Stealth
  1839 | D:3      | Gained mutation: Your magical nature lets you fly swiftly
                  | and evasively. [Tengu growth]
  1839 | D:3      | Reached XP level 5. HP: 31/32 MP: 9/9
  1916 | D:3      | Found an ancient bone altar of Kikubaaqudgha.
  1933 | D:3      | Became a worshipper of Kikubaaqudgha
  2106 | D:3      | Found a bloodstained altar of Trog.
  2172 | D:3      | Noticed Grinder
  2565 | D:4      | Found a staircase to the Ecumenical Temple.
  2574 | Temple   | Entered the Ecumenical Temple
  2645 | D:4      | Reached skill level 5 in Stealth
  2645 | D:4      | Reached XP level 6. HP: 30/38 MP: 10/10
  2927 | D:5      | Entered Level 5 of the Dungeon
  2928 | D:5      | Noticed Sigmund
  3216 | D:5      | Learned a level 3 spell: Hailstorm
  3220 | D:5      | Learned a level 3 spell: Frozen Ramparts
  3320 | D:5      | Noticed a water moccasin
  3334 | D:5      | Killed a water moccasin
  3335 | D:5      | Reached skill level 6 in Stealth
  3335 | D:5      | Reached skill level 1 in Ice Magic
  3335 | D:5      | Reached XP level 7. HP: 22/44 MP: 11/11
  3355 | D:6      | Reached * piety under Kikubaaqudgha
  3355 | D:6      | Received a gift from Kikubaaqudgha
  3578 | D:6      | Reached skill level 5 in Fighting
  3578 | D:6      | Reached skill level 7 in Stealth
  3585 | D:6      | Reached XP level 8. HP: 37/49 MP: 12/12
  3628 | D:6      | Found a sand-covered staircase.
  3639 | Ossuary  | Entered an ossuary
  3802 | Ossuary  | Learned a level 2 spell: Blink
  3829 | Ossuary  | Reached ** piety under Kikubaaqudgha
  3964 | Ossuary  | Identified the ring "Wirearett" {rC+ Int+3}
  4058 | D:6      | Reached skill level 8 in Stealth
  4757 | D:6      | Reached skill level 9 in Stealth
  4933 | D:7      | Found Geub's Jewellery Shop.
  4955 | D:6      | Reached XP level 9. HP: 45/52 MP: 13/13
  4987 | D:7      | Found a one-way gate to the infinite horrors of the Abyss.
  5099 | D:8      | Found Baosian's Jewellery Shoppe.
  5254 | D:8      | Found Zearghunk's Gadget Gallery.
  5261 | D:8      | Bought a wand of paralysis (6) for 158 gold pieces
  5427 | D:8      | Reached *** piety under Kikubaaqudgha
  5427 | D:8      | Received a gift from Kikubaaqudgha
  5436 | D:8      | Learned a level 4 spell: Dispel Undead
  5528 | D:8      | Found a transporter.
  5529 | D:8      | Noticed a moth of wrath
  5530 | D:8      | Noticed GiantSquids's ghost (novice TeHu)
  5543 | D:8      | Found a bloodstained altar of Trog.
  5551 | D:8      | Found a transporter.
  5732 | D:8      | Reached skill level 5 in Polearms
  6271 | D:7      | Reached skill level 1 in Necromancy
  6399 | D:7      | Reached skill level 1 in Earth Magic
  6450 | D:5      | Found a white marble altar of Elyvilon.
  6452 | D:5      | Found an iron altar of Okawaru.
  6453 | D:5      | Found a shimmering blue altar of Sif Muna.
  6470 | D:5      | Killed Sigmund
  6471 | D:5      | Reached XP level 10. HP: 53/63 MP: 13/17
  6559 | D:5      | Found an opulent altar of Gozag.
  6966 | D:3      | Killed Grinder
  7535 | D:7      | Found a large runed translucent door.
  7535 | D:7      | Found a large runed translucent door.
  7535 | D:7      | Found a corrupted altar of Lugonu.
  8508 | D:9      | Found a staircase to the Orcish Mines.
  8509 | D:9      | Reached **** piety under Kikubaaqudgha
  8894 | D:9      | Reached skill level 5 in Spellcasting
  9127 | D:9      | Noticed a +0 short sword
  9127 | D:9      | Noticed a +0 dagger
  9127 | D:9      | Noticed a +0 short sword
  9128 | D:9      | Noticed a +0 spear
  9129 | D:9      | Noticed a +0 dagger
  9129 | D:9      | Noticed a +0 spear
  9130 | D:9      | Noticed a +0 falchion
  9131 | D:9      | Noticed a +0 falchion
  9139 | D:9      | Found a hide-covered altar of Uskayaw.
  9199 | D:10     | Entered Level 10 of the Dungeon
  9368 | D:10     | Noticed an obsidian statue
  9404 | D:10     | Noticed an ice statue
  9405 | D:10     | Noticed a two-headed ogre
  9420 | D:10     | Killed a two-headed ogre
  9421 | D:10     | Reached XP level 11. HP: 69/69 MP: 12/20
  9576 | D:10     | Found a portal to a secret trove of treasure.
  9597 | Trove    | Entered a treasure trove
  9610 | Trove    | Identified the +2 cloak "Menace" {rF+ rN++ Int+2 Dex-3}
  9614 | Trove    | Identified the +0 pair of gloves of Imperfection {+Blink
                  | rPois rF+ Int+2}
  9650 | Trove    | Identified the amulet "Nuthro Lustra" {RegenMP rF++ Will+
                  | Str+4}
  9768 | D:10     | Identified a scroll of acquirement
  9773 | D:10     | Acquired a book of the Spheres
  9781 | D:10     | Learned a level 5 spell: Borgnjor's Vile Clutch
 10400 | D:11     | Reached skill level 5 in Necromancy
 10528 | D:11     | Found a staircase to the Lair.
 11005 | D:11     | Paralysed by a hornet for 3 turns
 11007 | D:11     | Slain by a hornet

Illustrated notes

Levels and vault maps discovered:
D:1:      sevenhm_arrival_forest_fort_small_5, layout_rooms,
          minmay_misc_feat_iff
D:2:      minmay_angry_zag, layout_basic, basic_altar, minmay_pentomino_z4
D:3:      layout_basic, kiku_gazebo_pond_becter,
          mainiacjoe_overflow_surrounded_room, st_stairs_11,
          kennysheep_cross_room, minmay_snake_closets, uniq_grinder
D:4:      layout_basic, minmay_temple_entry_fiery, serial_bayou_ford_a,
          kennysheep_minor_cross, minmay_misc_feat_rows
D:5:      layout_rooms, nicolae_overflow_quartered_altars, uniq_sigmund
D:6:      layout_basic, enter_ossuary_1
D:7:      due_chaos_kobolds, layout_loops_cross, serial_shops,
          nicolae_stop_n_shop_2
D:8:      layout_basic, gammafunk_ghost_wrathful_warriors, serial_shops,
          nicolae_stop_n_shop_2, nicolae_shop_gadgets
D:9:      layout_big_octagon, nicolae_uskayaw_en_pointe,
          kennysheep_orc_monster_closet_entryway, serial_column_ruins,
          column_ruins_hut_water, column_ruins_open_small, column_ruins_grid_2,
          column_ruins_open_tiny, column_ruins_open_small, minivault_10,
          nicolae_sextant
D:10:     minmay_separated_statues, layout_grid_maze, enter_trove_6
D:11:     layout_basic, due_lair_maze_entry_diamond
Temple:   nicolae_temple_no_exploring_needed

Skill      XL: |  1  2  3  4  5  6  7  8  9 10 11 |
---------------+----------------------------------+-----
Stealth        | 1 2 3 4 5 6 7 9 |  9.0
Fighting       | 3 4 5 6 7 8 |  8.7
Ice Magic      | 1 2 3 4 |  4.9
Polearms       | 5 7 |  7.1
Spellcasting   | 4 5 |  5.9
Necromancy     | 2 4 5 |  5.4
Earth Magic    | 1 3 |  3.6
Dodging        | |  2.1
Conjurations   | |  4.0

Action                   |  1- 3 |  4- 6 |  7- 9 | 10-12 || total
-------------------------+-------+-------+-------+-------++-------
Melee: Spear             |    79 |   127 |       |       ||   206
       Kick              |    18 |    56 |   131 |    45 ||   250
       Peck              |     8 |    32 |    79 |    28 ||   147
       Punch             |       |     2 |     8 |     1 ||    11
       Trident           |       |    83 |   401 |    61 ||   545
       Unarmed           |       |       |     4 |       ||     4
       Morningstar       |       |       |       |    88 ||    88
Throw: Dart              |       |       |       |    14 ||    14
       Boomerang         |       |       |       |     8 ||     8
       Throwing net      |       |       |       |     1 ||     1
 Cast: Blink             |       |       |     3 |     1 ||     4
       Frozen Ramparts   |       |       |    13 |    14 ||    27
       Hailstorm         |       |       |       |    31 ||    31
Evoke: Wand              |       |     2 |     6 |     1 ||     9
  Use: Scroll            |       |     7 |     6 |    12 ||    25
       Potion            |       |       |     4 |     5 ||     9
 Stab: Sleeping          |     1 |     7 |     9 |     2 ||    19
Armor: Leather armour    |    17 |    22 |    81 |    48 ||   168
Dodge: Dodged            |    45 |   181 |   331 |   138 ||   695
Block: Buckler           |       |       |       |    26 ||    26

Table legend: (Time is in decaauts)
 A = Elapsed time spent in this place.
 B = Non-inter-level travel time spent in this place.
 C = Inter-level travel time spent in this place.
 D = Time resting spent in this place.
 E = Time spent auto-exploring this place.
 F = Levels seen in this place.
 G = Mean time per level.
                   A        B        C        D        E       F      G
               +--------+--------+--------+--------+--------+-----+--------+
         Total |  10526 |   9853 |    673 |   1221 |   4917 |  14 |  751.9 |
       Dungeon |  10043 |   9370 |    673 |   1221 |   4900 |  11 |  913.0 |
        Temple |      1 |      1 |      0 |      0 |      0 |   1 |    1.0 |
         Trove |    123 |    123 |      0 |      0 |     16 |   1 |  123.0 |
       Ossuary |    358 |    358 |      0 |      0 |      0 |   1 |  358.0 |
               +--------+--------+--------+--------+--------+-----+--------+

Top non-repeatable levels by time:
     D:8: 1308 daAuts
    D:10: 1266 daAuts
     D:6: 1229 daAuts
     D:7: 1225 daAuts
     D:3: 1188 daAuts
     D:9: 848 daAuts
     D:4: 815 daAuts
     D:1: 713 daAuts
     D:2: 691 daAuts
     D:5: 511 daAuts
 Ossuary: 358 daAuts
    D:11: 245 daAuts
   Trove: 123 daAuts
  Temple: 1 daAuts
